 Dungeon Crawl Stone Soup version 0.29.1-13-g9f3cf754e1 (webtiles) character file.

Game seed: 549210418598117291

195 croobank the Conjurer (level 5, 0/41 HPs)
             Began as a Demigod Conjurer on Jan 19, 2023.
             Killed from afar by Dowan (10 damage)
             ... with a puff of flame
             ... on level 4 of the Dungeon.
             The game lasted 00:09:00 (3438 turns).

croobank the Conjurer (Demigod Conjurer)            Turns: 3438, Time: 00:09:00

Health: 0/41       AC:  8    Str:  8    XL:     5   Next: 21%
Magic:  2/11       EV: 11    Int: 24    God:
Gold:   179        SH:  0    Dex: 12    Spells: 3/9 levels left

rFire   . . .      SeeInvis .   c - +2 dagger (venom)
rCold   . . .      Faith    .   (no shield)
rNeg    . . .      Spirit   .   d - +0 leather armour
rPois   .          Reflect  .   (no helmet)
rElec   .          Harm     .   m - +0 cloak
rCorr   .          Rampage  .   (no gloves)
Will    .....                   (no boots)
Stlth   ++........              (no amulet)
HPRegen 0.13/turn               e - +4 ring of protection
MPRegen 0.12/turn               j - +4 ring of slaying

@: very slightly contaminated
A: high MP 1, forlorn, divine attributes
a: no special abilities


You were on level 4 of the Dungeon.
You visited 1 branch of the dungeon, and saw 4 of its levels.

You collected 179 gold pieces.

Inventory:

Hand Weapons
 c - a +2 dagger of venom (weapon)
Missiles
 n - 2 poisoned darts (quivered)
 q - a throwing net
Armour
 a - a +0 robe
 d - a +0 leather armour (worn)
 m - a +0 cloak (worn)
 t - an orb of light
Magical Staves
 k - a staff of poison
Jewellery
 e - a +4 ring of protection (left hand)
 j - a +4 ring of slaying (right hand)
 s - a ring of flight
Scrolls
 g - 3 scrolls of identify {unknown}
 h - 2 scrolls of teleportation {unknown}
 i - 2 scrolls of poison {unknown}
 l - a scroll of brand weapon {unknown}
 o - a scroll of vulnerability {unknown}
 p - 3 scrolls of fear {unknown}
 r - a scroll of amnesia {unknown}
Potions
 b - 3 potions of magic
 f - a potion of curing


   Skills:
 + Level 1.6 Fighting
 + Level 2.6 Dodging
 + Level 3.0 Stealth
 + Level 2.5 Spellcasting
 + Level 4.2 Conjurations
 + Level 1.1 Hexes


You had 3 spell levels left.
You knew the following spells:

 Your Spells              Type           Power      Damage    Failure   Level
a - Magic Dart            Conj           92%        1d7       3%          1
b - Searing Ray           Conj           46%        2d6       4%          2
c - Dazzling Flash        Conj/Hex       30%        N/A       17%         3

Your spell library contained the following spells:

 Spells                   Type           Power      Damage    Failure   Level
 Mephitic Cloud           Conj/Pois/Air  9%         N/A       28%         3
 Ignite Poison            Fire/Tmut/Pois 3%         N/A       45%         3
 Fulminant Prism          Conj/Hex       7%         3d7       50%         4
 Iskenderun's Mystic Bla  Conj/Tloc      13%        2d5       56%         4
 Summon Lightning Spire   Summ/Air       3%         N/A       86%         4
 Freezing Cloud           Conj/Ice/Air   4%         6-21      95%         5
 Storm Form               Tmut/Air       1%         N/A       100%        7
 Maxwell's Capacitive Co  Air            1%         ∞         100%        8


Dungeon Overview and Level Annotations

Branches:
Dungeon (4/15)             Temple (0/1) D:4

Shops:
D:2 *

Annotations:
D:3 2 transporters, zlionsfan's ghost, amateur DrIE
D:4 Dowan; Duvessa


Innate Abilities, Weirdness & Mutations

You have an increased reservoir of magic. (+10% MP)
You shall have no god before yourself.
Your divine heritage dramatically boosts your attributes as you level up.


Message History

Dowan drinks a potion.
Dowan is healed!
Dowan looks more healthy.
The grasping roots constrict you.
Casting: Dazzling Flash (quite dangerous; 17% risk of failure)
Confirm with . or Enter, or press ? or * to list all spells.
Casting: Dazzling Flash (quite dangerous; 17% risk of failure)
Press: ? - help, Dir - look around, f - activate Dowan is dazzled.
Duvessa drinks a potion.
Duvessa seems to grow stronger.
The grasping roots release their grip on you.
Casting: Dazzling Flash (quite dangerous; 17% risk of failure)
Confirm with . or Enter, or press ? or * to list all spells.
Casting: Dazzling Flash (quite dangerous; 17% risk of failure)
Press: ? - help, Dir - look around, f - activate You miscast Dazzling Flash.
You are very lightly contaminated with residual magic.
Nothing appears to happen.
You puncture Dowan!
Dowan is poisoned.
Dowan is heavily wounded.
Duvessa hits you with a +0 short sword. Duvessa barely misses you.
Dowan hits you but does no damage.
Casting: Dazzling Flash (quite dangerous; 17% risk of failure)
Confirm with . or Enter, or press ? or * to list all spells.
Casting: Dazzling Flash (quite dangerous; 17% risk of failure)
Press: ? - help, Dir - look around, f - activate Duvessa is dazzled.
Dowan is dazzled.
Duvessa hits you with a +0 short sword. Dowan hits you but does no damage.
You barely miss Duvessa. Duvessa hits you with a +0 short sword!
Duvessa hits you with a +0 short sword.
* * * LOW HITPOINT WARNING * * *
Dowan hits you but does no damage.
Okay, then.
Okay, then.
Throw: 3 darts (poison)
Press: ? - help, Q - select action, (/) - cycle Shift-Dir - straight line, f - Duvessa
Aim: Duvessa, wielding a +0 short sword and wearing a +0 leather armour (fast, strong, blind, 65% to hit)
You throw a poisoned dart.
The poisoned dart barely misses Duvessa.
Duvessa barely misses you.
Dowan points at you and mumbles some strange words.
The puff of flame hits you!
You die...

#.< ##... ...# #..
#.... ...##### ######.
#.... ....... ........
#...! #..... ........
#... #.#..# ######## #
... #.#>.#
###..#.##.#.##########
(.....e@..........)...
.#....e.##............
##...#.##............
........##............
###...####<...........
#### ###............
.........#######
.........# ..........#


You could see Duvessa (fast, strong, blind) and Dowan (blind, very poisoned).

Vanquished Creatures
  Natasha (thrice) (D:3)
  An iguana (D:4)
  2 adders
  2 worms (D:2)
  A dart slug (D:3)
  An orc (D:4)
  6 endoplasms
  2 giant cockroaches
  6 hobgoblins
  7 jackals
  2 quokkas
  6 ball pythons
  3 bats
  7 frilled lizards
  7 goblins
  4 kobolds
  8 rats
68 creatures vanquished.

Notes
Turn   | Place    | Note
-------+----------+-------------------------------------------
     0 | D:1      | croobank the Demigod Conjurer began the quest for the Orb.
     0 | D:1      | Reached XP level 1. HP: 14/14 MP: 5/5
   573 | D:1      | Reached XP level 2. HP: 22/22 MP: 2/7
   732 | D:1      | Learned a level 2 spell: Searing Ray
  1484 | D:2      | Reached XP level 3. HP: 27/27 MP: 0/8
  1581 | D:2      | Found Abijiol's General Store.
  1673 | D:2      | Learned a level 3 spell: Dazzling Flash
  1758 | D:2      | Reached skill level 1 in Fighting
  2240 | D:3      | Noticed zlionsfan's ghost (amateur DrIE)
  2243 | D:3      | Found a transporter.
  2357 | D:3      | Noticed Natasha
  2360 | D:3      | Killed Natasha
  2361 | D:3      | Reached skill level 4 in Conjurations
  2361 | D:3      | Reached XP level 4. HP: 35/35 MP: 5/10
  2519 | D:3      | Noticed Natasha
  2522 | D:3      | Killed Natasha
  2831 | D:3      | Found a transporter.
  2875 | D:3      | Noticed Natasha
  2882 | D:3      | Killed Natasha
  3176 | D:4      | Reached skill level 1 in Hexes
  3176 | D:4      | Reached XP level 5. HP: 40/40 MP: 7/11
  3354 | D:4      | Found a staircase to the Ecumenical Temple.
  3426 | D:4      | Noticed Duvessa
  3427 | D:4      | Noticed Dowan
  3438 | D:4      | Killed from afar by Dowan

Illustrated notes

Levels and vault maps discovered:
D:1:      eino_arrival_water_star, layout_basic,
          nicolae_ecumenical_snake_handling, dreamdust_mushroom_princess
D:2:      layout_rooms, serial_shops, nicolae_shop_advertising_works
          [nicolae_subvault_shop_adworks]
D:3:      layout_rooms, nicolae_tso_carved_into_rock, gammafunk_ghost_arena,
          uniq_natasha
D:4:      layout_basic, minmay_temple_entry_drinking_statues,
          sigmund_edmund_badplayer, uniq_duvessa

Skill      XL: |  1  2  3  4  5 |
---------------+----------------+-----
Dodging        | 2 |  2.6
Stealth        | 2 3 |  3.0
Spellcasting   | 2 |  2.5
Fighting       | 1 |  1.6
Conjurations   | 4 |  4.2
Hexes          | 1 |  1.1

Action                   |  1- 3 |  4- 6 || total
-------------------------+-------+-------++-------
Melee: Dagger            |    10 |     8 ||    18
       Punch             |       |     1 ||     1
Throw: Throwing net      |       |     1 ||     1
       Dart              |       |     1 ||     1
 Cast: Magic Dart        |    66 |    16 ||    82
       Searing Ray       |    12 |    13 ||    25
       Dazzling Flash    |       |     2 ||     2
Armor: Leather armour    |     9 |     7 ||    16
Dodge: Dodged            |    21 |     8 ||    29
